[Event "ICC Open 2015"]
[Site "Internet Chess Club"]
[Date "2015.05.30"]
[Round "9"]
[White "EREBUNI"]
[Black "Inmune"]
[Result "0-1"]
[ICCResult "White resigns"]
[WhiteElo "3035"]
[BlackElo "3009"]
[Opening "Sicilian: closed"]
[ECO "B23"]
[NIC "SI.44"]
[Time "15:49:16"]
[TimeControl "180+0"]

1. e4 c5 2. Nc3 e6 3. Nf3 Nc6 4. Bb5 Nge7 5. O-O a6 6. Bxc6 Nxc6 7. d4 cxd4
8. Nxd4 Be7 9. Re1 O-O 10. Bf4 Nxd4 11. Qxd4 d6 12. Qb4 b5 13. Rad1 e5 14.
Be3 Be6 15. Nd5 Bxd5 16. Rxd5 Rc8 17. Qb3 Qc7 18. c3 Qc4 19. f3 g6 20. Qa3
Qc6 21. Red1 Kg7 22. f4 Rfe8 23. fxe5 dxe5 24. Qb3 Qe6 25. Qc2 Rc4 26. Qd3
Rec8 27. Qe2 h5 28. a3 R8c7 29. Qf3 Rc8 30. R1d3 R8c7 31. Rd2 Rc8 32. h3
R8c6 33. Rd7 Rd6 34. R2xd6 Bxd6 35. Rb7 Bc5 36. Bxc5 Rxc5 37. Qe3 Rc6 38.
Ra7 Rd6 39. Qg5 Rd1+ 40. Kh2 Qd6 41. Qe3 Rf1 42. Qe2 Qf6 43. Qe3 Qd6 44. Qe2
Qf6 45. Qe3 h4 46. Rd7 Rb1 47. Qf3 Qxf3 48. gxf3 Rxb2+ 49. Kg1 Rb3 50. Rd5
Rxa3 51. Rc5 Rb3 52. Kf2 a5 53. Ke2 a4 54. Kd2 Rb2+ 55. Kc1 a3 56. Rxe5 Rh2
57. Rxb5 Rh1+ 58. Kc2 a2 {White resigns} 0-1

[Event "ICC Open 2015"]
[Site "Internet Chess Club"]
[Date "2015.05.30"]
[Round "9"]
[White "nitishdas"]
[Black "PADILLON2189"]
[Result "1-0"]
[ICCResult "Black forfeits on time"]
[WhiteElo "1837"]
[BlackElo "2020"]
[Opening "Nimzo-Indian: 4.e3, main line with ...c5"]
[ECO "E53"]
[NIC "NI.04"]
[Time "15:48:14"]
[TimeControl "180+0"]

1. d4 Nf6 2. c4 e6 3. Nc3 Bb4 4. e3 O-O 5. Bd3 c5 6. Nf3 d5 7. O-O cxd4 8.
exd4 dxc4 9. Bxc4 b6 10. a3 Be7 11. Bf4 Bb7 12. Qd2 Nc6 13. Rad1 Rc8 14. Ba2
Na5 15. Ne5 Nd5 16. Rfe1 Bf6 17. Bg3 Bxe5 18. Bxe5 Nxc3 19. bxc3 Bd5 20. Bb1
Nc4 21. Qf4 Nxe5 22. Rxe5 Rxc3 23. Rh5 g6 24. Qh6 Re8 25. Qxh7+ Kf8 26. Bxg6
Qf6 27. Be4 Bxe4 28. Qxe4 Rec8 29. d5 Rc1 30. Qd3 Qc3 31. Qf1 Qxa3 32. Rh8+
Kg7 33. Rxc8 Rxc8 34. Ra1 Qe7 35. dxe6 fxe6 36. Qb1 Rc7 37. Qb2+ e5 38. Re1
Qf6 39. f4 exf4 40. Qxf6+ Kxf6 41. g3 fxg3 42. hxg3 a5 43. Rf1+ Ke5 44. Kh2
Kd4 45. Kh3 b5 46. g4 b4 47. Kh4 b3 48. g5 b2 49. Kh5 Kc3 50. g6 Kc2 51. g7
Rxg7 52. Rf2+ {Black forfeits on time} 1-0

[Event "ICC Open 2015"]
[Site "Internet Chess Club"]
[Date "2015.05.30"]
[Round "9"]
[White "The7thGuest"]
[Black "PITCHUS"]
[Result "1-0"]
[ICCResult "Black forfeits on time"]
[WhiteElo "2078"]
[BlackElo "1850"]
[Opening "Caro-Kann: Goldman (Spielmann) variation"]
[ECO "B11"]
[NIC "CK.01"]
[Time "15:48:59"]
[TimeControl "180+0"]

1. e4 c6 2. Nc3 d5 3. Qf3 dxe4 4. Nxe4 Nf6 5. Qe2 Nxe4 6. Qxe4 Nd7 7. Nf3
Nf6 8. Qe2 Bg4 9. h3 Bxf3 10. Qxf3 e6 11. g3 Bd6 12. Bg2 Bc7 13. O-O Qd6 14.
c3 h5 15. d4 O-O-O 16. Bf4 Qd5 17. Qe3 Qf5 18. Bxc7 Kxc7 19. Rfe1 g5 20.
Qe5+ Qxe5 21. Rxe5 g4 22. h4 Nd7 23. Re3 Nb6 24. Rae1 Rd7 25. Bf1 Nd5 26.
Re5 Ne7 27. Bc4 Ng6 28. Rg5 Ne7 29. Rg7 Nd5 30. Bxd5 cxd5 31. Re5 Kd6 32.
Rgg5 f5 33. Rg6 Re7 34. f3 gxf3 35. Kf2 Kd7 36. Kxf3 b5 37. a3 a5 38. Kf4 b4
39. axb4 axb4 40. Re1 bxc3 41. bxc3 Rc8 42. Re3 Kd6 43. Kg5 Rh8 44. Rf3 Kd7
45. Rf1 Rc8 46. Rf3 Rh8 47. Kf4 Kd6 48. Kg5 Kd7 49. Re3 Kd6 50. Kf4 Ree8 51.
Rg5 Reg8 52. Rxg8 Rxg8 53. Kf3 Rg4 54. Re1 Re4 55. Ra1 Kc6 56. Ra8 Kb5 57.
Rc8 Ka4 58. Rb8 Ka3 59. Rb6 Ka4 60. Rb8 Ka5 61. Rh8 Ka4 62. Rxh5 Kb3 63. Rg5
{Black forfeits on time}
1-0

[Event "ICC Open 2015"]
[Site "Internet Chess Club"]
[Date "2015.05.30"]
[Round "9"]
[White "Wahman"]
[Black "CapitalG"]
[Result "0-1"]
[ICCResult "White resigns"]
[WhiteElo "2201"]
[BlackElo "2717"]
[Opening "Sicilian: closed"]
[ECO "B23"]
[NIC "SI.44"]
[Time "15:48:39"]
[TimeControl "180+0"]

1. e4 c5 2. Nc3 e6 3. f4 a6 4. Nf3 b5 5. d3 Bb7 6. g3 d5 7. exd5 exd5 8. Bg2
b4 9. Nb1 Nf6 10. O-O Be7 11. Ne5 O-O 12. Nd2 Qc7 13. Ndf3 d4 14. Bd2 Nd5
15. Nc4 Nd7 16. Re1 Rfe8 17. Qe2 N7f6 18. Qe5 Qd7 19. Qe2 Bf8 20. Qf1 Qc7
21. Rxe8 Rxe8 22. Re1 Qd8 23. Rxe8 Qxe8 24. Qe1 Qa4 25. Qb1 Ng4 26. Nfe5
Nxe5 27. Nxe5 f6 28. Nc4 Qd7 29. Qe1 Bc6 30. Na5 Ba8 31. Nc4 Nc7 32. Nb6 Qd8
33. Nxa8 Nxa8 34. Qe6+ Kh8 35. Qxa6 Nc7 36. Qc6 Qe7 37. Qe4 Qf7 38. b3 Qd7
39. Qc6 Qd8 40. Kf2 Qb8 41. Qb7 Qd8 42. Qc6 Qb8 43. Qb7 Qd8 44. Qb6 Qd7 45.
Qb8 Kg8 46. Qb7 g6 47. Qc6 Qe7 48. Qe4 Qd8 49. Qc6 Kg7 50. Bc1 Qb8 51. a4
bxa3 52. Bxa3 Qa7 53. Bc1 Na6 54. Qb7+ Qxb7 55. Bxb7 Nb4 56. Bd2 Nxc2 57.
Bd5 f5 58. Bc4 Kf6 59. Ke2 Ke7 60. Kd1 Na3 61. Bc1 Nxc4 62. bxc4 Ke6 63. Ke2
h6 64. Kf3 Be7 65. h3 Kf6 66. g4 Ke6 67. Bd2 Bd6 68. Ba5 Kd7 69. Bb6 Kc6 70.
Bd8 Kb7 71. Ba5 Bc7 72. Bd2 Ka6 73. Kg3 Bd8 74. gxf5 gxf5 75. Kf3 Kb7 76.
Kg3 Kc6 77. Kf3 Kd7 78. Kg3 Ke6 79. Kf3 Kf7 80. Kg3 Ke6 81. Kf3 Kd7 82. Kg3
Kc6 83. Kf3 Kb7 84. Kg3 Ka6 85. Kf3 Ba5 86. Bc1 Be1 87. Ke2 Bc3 88. Kd1 Ka5
89. Kc2 Ka4 90. Kd1 Kb3 91. Ke2 Kc2 92. Ba3 Bb4 93. Bxb4 cxb4 94. c5 b3 95.
c6 b2 96. c7 b1=Q 97. c8=Q+ Kb2 98. Qxf5 Qc2+ 99. Kf3 Qh2 100. Ke4 Qf2 101.
Qe5 Kc3 102. Qxd4+ Qxd4+ 103. Kf3 Kxd3 {White resigns} 0-1

[Event "ICC Open 2015"]
[Site "Internet Chess Club"]
[Date "2015.05.30"]
[Round "9"]
[White "ILYMJPDL"]
[Black "VictorRed"]
[Result "1-0"]
[ICCResult "Black resigns"]
[WhiteElo "2009"]
[BlackElo "1826"]
[Opening "Sicilian defense"]
[ECO "B40"]
[NIC "SI.43"]
[Time "15:49:06"]
[TimeControl "180+0"]

1. e4 c5 2. Nf3 e6 3. b3 Nc6 4. Bb2 d6 5. Bb5 e5 6. O-O Bd7 7. Nc3 Nf6 8.
Re1 Be7 9. Nd5 O-O 10. Nxe7+ Nxe7 11. Bxd7 Qxd7 12. d3 Nc6 13. Qd2 Nd4 14.
Nh4 g6 15. c3 Nc6 16. h3 Nh5 17. Qh6 f6 18. Bc1 Qg7 19. Qe3 Kh8 20. Qf3 Rad8
21. g4 Nf4 22. Ng2 Nxg2 23. Qxg2 f5 24. gxf5 gxf5 25. Qxg7+ Kxg7 26. Kh2 f4
27. Rg1+ Kf7 28. Bb2 Rg8 29. Rg4 Rg6 30. Rag1 Rdg8 31. f3 h5 32. Rxg6 Rxg6
33. Rf1 Rg3 34. Rf2 b5 35. Bc1 Ke6 36. Bd2 a5 37. Be1 a4 38. Rf1 axb3 39.
Bxg3 fxg3+ 40. Kxg3 d5 41. axb3 d4 42. Rc1 c4 43. bxc4 bxc4 44. dxc4 d3 45.
Rd1 Na5 46. Rxd3 Nxc4 47. Kh4 Nd6 48. Rxd6+ Kxd6 49. Kxh5 Ke6 50. Kg5 Kf7
51. Kf5 Ke7 52. Kxe5 Kf7 53. f4 Kg7 54. f5 Kf7 55. Kd6 Kf6 56. c4 Kf7 57. c5
Kf6 58. c6 Kg5 59. c7 Kf4 60. c8=Q Kxe4 61. Qe6+ Kf3 62. f6 Kf4 63. f7 Kg5
64. f8=Q {Black resigns} 1-0

[Event "ICC Open 2015"]
[Site "Internet Chess Club"]
[Date "2015.05.30"]
[Round "9"]
[White "RLH2"]
[Black "Discoverchess"]
[Result "1-0"]
[ICCResult "Black checkmated"]
[WhiteElo "2794"]
[BlackElo "2491"]
[Opening "Nimzovich-Larsen attack: modern variation"]
[ECO "A01"]
[NIC "VO.08"]
[Time "15:49:28"]
[TimeControl "180+0"]

1. b3 e5 2. Bb2 Nc6 3. e3 g6 4. Bb5 Bg7 5. Nf3 Nge7 6. O-O O-O 7. d4 e4 8.
Nfd2 d5 9. c4 Nb4 10. cxd5 f5 11. d6 cxd6 12. a3 Nbc6 13. Nc3 d5 14. f4 Kh8
15. Rc1 g5 16. fxg5 Ng6 17. g3 Qxg5 18. Nxd5 f4 19. Bxc6 fxg3 20. Nxe4 gxh2+
21. Kh1 Qh4 22. Rxf8+ Nxf8 23. Nf4 bxc6 24. Qe1 Qe7 25. Nc5 Bf5 26. e4 Re8
27. e5 Qg5 28. Ng2 Ng6 29. Ne4 Qg4 30. Nd6 Rf8 31. Rc3 Nf4 32. Rg3 Nxg2 33.
Rxg2 Qf3 34. Qg3 Qf1+ 35. Kxh2 Bh6 36. Nf7+ Rxf7 37. Qg8# {Black checkmated}
1-0

[Event "ICC Open 2015"]
[Site "Internet Chess Club"]
[Date "2015.05.30"]
[Round "9"]
[White "Womacka"]
[Black "MoonlightWizard"]
[Result "0-1"]
[ICCResult "White forfeits on time"]
[WhiteElo "2476"]
[BlackElo "2929"]
[Opening "French: Tarrasch, open variation, main line"]
[ECO "C09"]
[NIC "FR.23"]
[Time "15:49:03"]
[TimeControl "180+0"]

1. e4 e6 2. d4 d5 3. Nd2 c5 4. exd5 exd5 5. Ngf3 Nc6 6. Bb5 Bd6 7. dxc5 Bxc5
8. O-O Ne7 9. Nb3 Bd6 10. Re1 O-O 11. Bd3 f6 12. h3 a6 13. Be3 Ne5 14. Bc5
Qc7 15. Bxd6 Qxd6 16. Nbd4 Bd7 17. c3 Rfe8 18. Qc2 N7g6 19. Re3 Nxd3 20.
Qxd3 Ne5 21. Qc2 Nxf3+ 22. Rxf3 Re4 23. Rd3 Rae8 24. Rf1 b5 25. Qb3 Kh8 26.
f3 R4e7 27. Rfd1 Bc8 28. Rf1 Bb7 29. Rdd1 Qf4 30. Qc2 Bc8 31. Qd2 Qg3 32.
Qf2 Qd6 33. Kh1 b4 34. Rfe1 bxc3 35. bxc3 Qc5 36. Rxe7 Qxe7 37. Rd2 Qc7 38.
Re2 Re5 39. f4 Re4 40. Rxe4 dxe4 41. Qe3 Bb7 42. f5 Qc4 43. Kh2 h6 44. Ne6
Qd5 45. Qg3 Qd7 46. Qb8+ Bc8 47. Qb4 Qe8 48. Qd6 Kg8 49. Kg3 Kf7 50. Kf4
Bxe6 51. fxe6+ Qxe6 52. Qxe6+ Kxe6 53. Kxe4 f5+ 54. Kd4 g5 55. c4 f4 56. c5
h5 57. Ke4 a5 58. h4 gxh4 59. Kxf4 Kd5 60. Kg5 Kxc5 61. Kxh4 Kb4 62. Kxh5
Ka3 63. g4 Kxa2 64. g5 a4 65. g6 a3 66. g7 Kb1 67. g8=Q Kb2 68. Qa8 Kb3
{White forfeits on time}
0-1

[Event "ICC Open 2015"]
[Site "Internet Chess Club"]
[Date "2015.05.30"]
[Round "9"]
[White "saira"]
[Black "BigSerge"]
[Result "1/2-1/2"]
[ICCResult "Black ran out of time and White has no material to mate"]
[WhiteElo "1800"]
[BlackElo "2004"]
[Opening "Giuoco Pianissimo"]
[ECO "C55"]
[NIC "IG.01"]
[Time "15:49:05"]
[TimeControl "180+0"]

1. e4 e5 2. Nf3 Nc6 3. Bc4 Nf6 4. d3 Bc5 5. c3 d6 6. Bb3 Be6 7. Bc2 h6 8.
O-O d5 9. Qe2 dxe4 10. dxe4 Bb6 11. Rd1 Qe7 12. b3 Rd8 13. Ba3 Rxd1+ 14.
Qxd1 Qd7 15. Qxd7+ Kxd7 16. h3 Rd8 17. Nbd2 Ke8 18. Kf1 a6 19. Ke1 Ba7 20.
Rd1 b5 21. Bb2 Nd7 22. Nf1 Nc5 23. Rxd8+ Kxd8 24. N1d2 f6 25. g4 Ke7 26. Nh4
Kf7 27. Nf5 Bxf5 28. exf5 Ne7 29. Ne4 Nd5 30. Nxc5 Bxc5 31. Be4 Nf4 32. Bb7
Nxh3 33. Bxa6 Nxf2 34. Bxb5 Nxg4 35. Bc4+ Ke7 36. a4 h5 37. a5 Ne3 38. Be2
h4 39. b4 Ba7 40. b5 Nxf5 41. Ba3+ Kd8 42. c4 Nd4 43. c5 Nc2+ 44. Kf2 Nxa3
45. b6 cxb6 46. cxb6 Bxb6+ 47. axb6 Kc8 48. Kf3 Kb7 49. Kg4 Kxb6 50. Kxh4
Kc5 51. Kg4 Kd4 52. Kf5 Nc2 53. Ba6 Ne3+ 54. Kg6 f5 55. Kxg7 f4 56. Bb7 e4
57. Kf6 f3 58. Ba6 f2 59. Kg5 f1=Q 60. Bxf1 Nxf1 61. Kf4 Nd2 62. Kg3 Kd3 63.
Kf2 e3+ 64. Ke1 e2 65. Kf2 Nf3 66. Kxf3 e1=Q 67. Kf4 Qe6 68. Kg3 Qe5+ 69.
Kf3 Kd2 70. Kg4 Qe3 71. Kf5
{Black ran out of time and White has no material to mate}
1/2-1/2

[Event "ICC Open 2015"]
[Site "Internet Chess Club"]
[Date "2015.05.30"]
[Round "9"]
[White "f8"]
[Black "Berke"]
[Result "1-0"]
[ICCResult "Black checkmated"]
[WhiteElo "1415"]
[BlackElo "1473"]
[Opening "Ruy Lopez: Caro variation"]
[ECO "C70"]
[NIC "RL.09"]
[Time "15:49:13"]
[TimeControl "180+0"]

1. e4 e5 2. Nf3 Nc6 3. Bb5 a6 4. Ba4 b5 5. Bb3 Nf6 6. d3 Be7 7. c3 d6 8. Bg5
O-O 9. h3 Bb7 10. O-O Na5 11. Bc2 c5 12. Re1 Qc7 13. Nbd2 Rfe8 14. Rc1 d5
15. exd5 Bxd5 16. Nxe5 Nc6 17. Nxc6 Qxc6 18. f3 c4 19. d4 Bf8 20. Rxe8 Rxe8
21. Qf1 Nh5 22. Re1 Ng3 23. Qf2 Rxe1+ 24. Qxe1 Bd6 25. Bh4 Nh5 26. Ne4 h6
27. Nxd6 Qxd6 28. Qe8+ Qf8 29. Qxf8+ Kxf8 30. Kf2 Nf4 31. Bg3 Ne6 32. Bd6+
Kg8 33. a4 bxa4 34. Bxa4 f6 35. Bd7 Kf7 36. Bc8 Nc7 37. Bxc7 a5 38. Bxa5 Bc6
39. Ba6 Bd5 40. Ke3 Be6 41. Bb7 f5 42. d5 Bd7 43. Kd4 Bb5 44. d6 Ke6 45. Bc7
Kd7 46. Bd5 g6 47. Bxc4 Bc6 48. Bf7 Bxf3 49. Bxg6 Bxg2 50. Bxf5+ Ke8 51. d7+
Kf7 52. d8=Q Bxh3 53. Qd7+ Kf6 54. Bxh3 h5 55. Qh7 h4 56. Bd8#
{Black checkmated}
1-0

[Event "ICC Open 2015"]
[Site "Internet Chess Club"]
[Date "2015.05.30"]
[Round "9"]
[White "Ricardov"]
[Black "oviwan68"]
[Result "1/2-1/2"]
[ICCResult "Game drawn because neither player has mating material"]
[WhiteElo "2312"]
[BlackElo "1998"]
[Opening "Pirc: Austrian attack, 6.Be3"]
[ECO "B09"]
[NIC "PU.06"]
[Time "15:48:29"]
[TimeControl "180+0"]

1. e4 d6 2. d4 Nf6 3. Nc3 g6 4. f4 Bg7 5. Nf3 O-O 6. Be3 c6 7. e5 Nd5 8.
Nxd5 cxd5 9. Bd3 Nc6 10. c3 Bg4 11. h3 Bxf3 12. Qxf3 e6 13. g4 dxe5 14. fxe5
f6 15. exf6 Bxf6 16. Qe2 Bh4+ 17. Kd2 e5 18. Raf1 Qe7 19. a3 exd4 20. Bxd4
Bg5+ 21. Kd1 Nxd4 22. Qxe7 Bxe7 23. cxd4 Bf6 24. Kc2 Bxd4 25. Kb3 Rxf1 26.
Rxf1 Rf8 27. Rd1 Rf3 28. Ka2 Rf2 29. Bc2 Rxc2 30. Rxd4 Rc5 31. b4 Rc2+ 32.
Kb3 Rh2 33. Rxd5 Rxh3+ 34. Ka4 Rg3 35. Rd8+ Kg7 36. Rd7+ Kf6 37. Rxb7 Rxg4
38. Rxh7 Rg1 39. Rxa7 g5 40. Kb5 g4 41. a4 g3 42. Ra8 Kf7 43. Ra7+ Kg6 44.
Ra8 Kg7 45. Rc8 g2 46. Rc3 Kf6 47. Rg3 Kf5 48. a5 Kf4 49. Rg8 Kf3 50. Ka6
Rb1 51. b5 g1=Q 52. Rxg1 Rxg1 53. b6 Ke4 54. b7 Kd5 55. Ka7 Ra1 56. b8=Q
Rxa5+ 57. Kb6 Ra4 58. Qd8+ Kc4 59. Qc7+ Kb3 60. Qg3+ Kb4 61. Qf3 Ra3 62.
Qe4+ Kb3 63. Kb5 Ra2 64. Qd3+ Kb2 65. Kb4 Ka1 66. Qd1+ Kb2 67. Qd2+ Kb1 68.
Qd1+ Kb2 69. Qd2+ Kb1 70. Qd3+ Kc1 71. Qc3+ Rc2 72. Qe1+ Kb2 73. Qd1 Rc1 74.
Qd2+ Rc2 75. Qxc2+ Kxc2 {Game drawn because neither player has mating
material} 1/2-1/2

[Event "ICC Open 2015"]
[Site "Internet Chess Club"]
[Date "2015.05.30"]
[Round "9"]
[White "Sibelephant"]
[Black "BlackHorse96"]
[Result "1-0"]
[ICCResult "Black checkmated"]
[WhiteElo "3185"]
[BlackElo "3273"]
[Opening "Queen's Pawn"]
[ECO "A41"]
[NIC "QO.17"]
[Time "15:49:11"]
[TimeControl "180+0"]

1. d4 d6 2. Nf3 Nf6 3. c4 g6 4. Nc3 Bf5 5. g3 Bg7 6. Bg2 Ne4 7. Qb3 Nxc3 8.
bxc3 Be4 9. O-O O-O 10. Bh3 b6 11. Nd2 Bb7 12. a4 Nc6 13. a5 Rb8 14. axb6
axb6 15. Qc2 e5 16. e3 f5 17. Ba3 Re8 18. Bg2 Na5 19. Bb4 Bxg2 20. Kxg2 Nc6
21. Ba3 f4 22. d5 Ne7 23. exf4 exf4 24. Nf3 Nf5 25. Rae1 Qf6 26. Bb2 g5 27.
g4 Nh6 28. h3 Nf7 29. Re4 Ne5 30. Rfe1 Qg6 31. Qd1 h6 32. Ba1 Kf7 33. Nd4
Ra8 34. Ne6 Rxe6 35. dxe6+ Qxe6 36. c5 bxc5 37. c4 Rb8 38. Bxe5 Bxe5 39. Qd3
Rb4 40. Rxe5 dxe5 41. Qh7+ Kf8 42. Qh8+ Kf7 43. Rxe5 Qc6+ 44. Kh2 Qd6 45.
Qh7+ Kf8 46. Rf5+ Ke8 47. Qf7+ Kd8 48. Rd5 Rb6 49. Rxd6+ Rxd6 50. h4 Kc8 51.
Qf8+ Kb7 52. hxg5 hxg5 53. Qf5 Kb6 54. Qxg5 Rd4 55. Qf5 Ka5 56. g5 Kb4 57.
g6 Rxc4 58. g7 Rd4 59. g8=Q f3 60. Qb8+ Kc4 61. Qxc7 Rd5 62. Qe6 Kb5 63.
Qxd5 Ka6 64. Qdc6# {Black checkmated} 1-0

[Event "ICC Open 2015"]
[Site "Internet Chess Club"]
[Date "2015.05.30"]
[Round "9"]
[White "saentis25"]
[Black "kayak"]
[Result "0-1"]
[ICCResult "White forfeits on time"]
[WhiteElo "1322"]
[BlackElo "1594"]
[Opening "French: Steinitz attack"]
[ECO "C00"]
[NIC "FR.01"]
[Time "15:49:37"]
[TimeControl "180+0"]

1. e4 e6 2. e5 d5 3. exd6 cxd6 4. d4 d5 5. Nf3 Nc6 6. Be2 Bd7 7. O-O Nge7 8.
Be3 Nf5 9. c4 dxc4 10. Bxc4 Bd6 11. Nbd2 Nxe3 12. fxe3 O-O 13. Bd3 Be7 14.
Qc2 h6 15. Rad1 Nb4 16. Qb1 Nxd3 17. Qxd3 a6 18. b3 Bb5 19. Nc4 Rc8 20. Rc1
Bf6 21. Rfd1 Re8 22. a4 Bc6 23. Nce5 Bxf3 24. Nxf3 Rxc1 25. Rxc1 Qd7 26. Qc3
Rd8 27. Qc7 Qd5 28. Rc5 Qxb3 29. Ne5 Qxe3+ 30. Kf1 Qf4+ 31. Kg1 Rf8 32. Nd7
Qxd4+ 33. Kf1 Qd3+ 34. Ke1 Rd8 35. Nxf6+ gxf6 36. Rc1 Qd2+ 37. Kf1 Qd3+ 38.
Kg1 Qe3+ 39. Kf1 Qd2 40. Qc2 Qxc2 41. Rxc2 Rd4 42. Rb2 Rxa4 43. Rxb7 Ra1+
44. Kf2 a5 {White forfeits on time} 0-1

[Event "ICC Open 2015"]
[Site "Internet Chess Club"]
[Date "2015.05.30"]
[Round "9"]
[White "Muravey"]
[Black "Pkopsa"]
[Result "1-0"]
[ICCResult "Black forfeits on time"]
[WhiteElo "1824"]
[BlackElo "1588"]
[Opening "Sicilian"]
[ECO "B50"]
[NIC "SI.01"]
[Time "15:49:18"]
[TimeControl "180+0"]

1. e4 c5 2. Nf3 d6 3. c3 Nf6 4. h3 Nc6 5. Bd3 g6 6. Bc2 Bg7 7. O-O O-O 8. d4
cxd4 9. cxd4 d5 10. e5 Ne4 11. Nc3 Bf5 12. Qe2 Nxc3 13. bxc3 Bxc2 14. Qxc2
Rc8 15. Qd3 Na5 16. Ng5 Qc7 17. Bd2 Nc4 18. e6 f6 19. Nf3 Nxd2 20. Qxd2 Qxc3
21. Qe2 Qc4 22. Qb2 Qa6 23. Qb3 Rfd8 24. Rab1 b6 25. a4 Qc4 26. Nd2 Qxd4 27.
Rfd1 Qc3 28. Qxc3 Rxc3 29. Ne4 Rc2 30. Ng3 Rd6 31. Rd3 Rxe6 32. Rxd5 Kf7 33.
a5 bxa5 34. Rxa5 Rc7 35. Kh2 Rec6 36. Ra2 f5 37. Rba1 Rc2 38. Rxa7 Rxa7 39.
Rxa7 Rxf2 40. Ra3 Be5 41. Rf3 Rd2 42. Rf1 h5 43. Rf3 h4 44. Kg1 Bxg3 45. Rf1
{Black forfeits on time}
1-0

[Event "ICC Open 2015"]
[Site "Internet Chess Club"]
[Date "2015.05.30"]
[Round "9"]
[White "Redbaron"]
[Black "DarkThrone"]
[Result "0-1"]
[ICCResult "White checkmated"]
[WhiteElo "2496"]
[BlackElo "2438"]
[Opening "Queen's gambit accepted"]
[ECO "D20"]
[NIC "QG.03"]
[Time "15:49:12"]
[TimeControl "180+0"]

1. d4 d5 2. c4 dxc4 3. e3 Be6 4. Nf3 c6 5. a4 Nf6 6. Nbd2 c5 7. Nxc4 Nc6 8.
Be2 Bd5 9. O-O e6 10. b3 cxd4 11. Nxd4 Nxd4 12. Qxd4 Be7 13. Bb2 O-O 14.
Rfd1 Qb8 15. Qh4 Rd8 16. Be5 Qc8 17. Rac1 Bc6 18. Qg3 g6 19. f3 Nh5 20. Qf2
Rxd1+ 21. Rxd1 Qf8 22. g4 Nf6 23. Bd4 a6 24. Ne5 Rd8 25. Nxc6 bxc6 26. Qf1
a5 27. Bc4 Nd5 28. Qe1 c5 29. Bb2 Bf6 30. Bxf6 Nxf6 31. Kf2 Rxd1 32. Qxd1
Qb8 33. Kg2 Nd7 34. Qxd7 Qe5 35. Qd8+ Kg7 36. Qd2 h5 37. h3 h4 38. f4 Qe4+
39. Kh2 Qf3 40. Qe2 Qg3+ 41. Kh1 Qxh3+ 42. Kg1 Qg3+ 43. Kf1 h3 44. Qf2 Qxg4
45. Be2 Qf5 46. Qg3 Qb1+ 47. Kf2 Qxb3 48. Qxh3 c4 49. Qf3 c3 50. Qe4 c2 51.
Qe5+ Kg8 52. Qc7 Qb2 53. Qc8+ Kh7 54. Qf8 Qg7 55. Qc5 Qb2 56. Qf8 c1=Q 57.
Qxf7+ Qg7 58. Qxe6 Qd2 59. Qh3+ Kg8 60. Qc8+ Qf8 61. Qe6+ Qf7 62. Qc8+ Kg7
63. Qc3+ Qxc3 64. Bf3 Qe7 65. Kg2 Qec5 66. Kg3 Q5xe3 67. Kg4 Qxf3+ 68. Kg5
Qg3# {White checkmated} 0-1

[Event "ICC Open 2015"]
[Site "Internet Chess Club"]
[Date "2015.05.30"]
[Round "9"]
[White "Smokie"]
[Black "talaatabdin"]
[Result "1-0"]
[ICCResult "Black forfeits on time"]
[WhiteElo "1451"]
[BlackElo "1419"]
[Opening "Giuoco Piano: four knights variation"]
[ECO "C47"]
[NIC "RG.01"]
[Time "15:48:41"]
[TimeControl "180+0"]

1. e4 e5 2. Nf3 Nf6 3. Nc3 Nc6 4. Bc4 Bc5 5. Nxe5 Bxf2+ 6. Kxf2 Nxe5 7. Bb3
O-O 8. Rf1 Nfg4+ 9. Kg1 Qh4 10. h3 Nf6 11. d4 Nc6 12. e5 Nh5 13. Be3 d6 14.
Nd5 Be6 15. Nxc7 Rac8 16. Nxe6 fxe6 17. Bxe6+ Kh8 18. Bxc8 Rxc8 19. Qg4 Qxg4
20. hxg4 Ng3 21. Rf2 dxe5 22. dxe5 Nxe5 23. Bf4 Ne4 24. Bxe5 Nxf2 25. Kxf2
Rxc2+ 26. Kg3 h6 27. Rd1 Re2 28. Bc3 Re3+ 29. Kf4 Re2 30. Rd7 Rxg2 31. Rxg7
Rf2+ 32. Kg3 Rc2 33. Rxb7+ Kg8 34. Rxa7 Re2 35. Kf3 Re6 36. Kf4 Kf8 37. Kf5
Rc6 38. a4 Ke8 39. a5 Kd8 40. Bf6+ Kc8 41. Kg6 Kb8 42. Rd7
{Black forfeits on time}
1-0

[Event "ICC Open 2015"]
[Site "Internet Chess Club"]
[Date "2015.05.30"]
[Round "9"]
[White "Cristhian-ator"]
[Black "Pantani"]
[Result "0-1"]
[ICCResult "White resigns"]
[WhiteElo "2543"]
[BlackElo "2981"]
[Opening "QGD Slav: Dutch variation"]
[ECO "D18"]
[NIC "SL.05"]
[Time "15:50:34"]
[TimeControl "180+0"]

1. c4 c6 2. Nc3 d5 3. d4 Nf6 4. Nf3 dxc4 5. a4 Bf5 6. e3 e6 7. Bxc4 Bb4 8.
O-O O-O 9. Nh4 Nbd7 10. Nxf5 exf5 11. h3 Nb6 12. Bb3 a5 13. Qf3 g6 14. g4
fxg4 15. hxg4 h5 16. gxh5 Nxh5 17. Qg4 Kg7 18. Bd2 Qe7 19. e4 Nf6 20. Qh4
Rh8 21. Qf4 Bxc3 22. bxc3 Qxe4 23. f3 Qxf4 24. Bxf4 Nfd5 25. Bd2 Rae8 26.
Rf2 Ne3 27. Rb1 Nbc4 28. Bxc4 Nxc4 29. Rxb7 Rb8 30. Rc7 Rb1+ 31. Kg2 Rhh1
32. f4 Rbd1 33. f5 Nxd2 34. Re2 Rhg1+ 35. Kf2 Rgf1+ 36. Kg2 Rxf5 37. Rxc6
Nf3 38. Rc5 Nh4+ 39. Kh3 Rxc5 40. dxc5 Nf5 41. Re5 Rd3+ 42. Kg4 Rxc3 43. Kf4
Rc4+ 44. Kf3 Rxa4 45. Re8 Rc4 46. Rc8 a4 47. Ke2 a3 48. Kd3 a2 49. Ra8 Rxc5
50. Rxa2 g5 51. Ra7 Kg6 52. Ke4 Rc4+ 53. Kd5 Rd4+ 54. Ke5 f6+ {White
resigns} 0-1

[Event "ICC Open 2015"]
[Site "Internet Chess Club"]
[Date "2015.05.30"]
[Round "9"]
[White "A4-H5"]
[Black "moonriver"]
[Result "0-1"]
[ICCResult "White forfeits on time"]
[WhiteElo "1669"]
[BlackElo "1485"]
[Opening "Saragossa opening"]
[ECO "A00"]
[NIC "VO.12"]
[Time "15:49:44"]
[TimeControl "180+0"]

1. c3 d5 2. g3 c5 3. Bg2 Nc6 4. Nf3 Bg4 5. O-O e6 6. d4 Nf6 7. Bg5 Bd6 8.
Nbd2 h6 9. Bxf6 Qxf6 10. dxc5 Bxc5 11. b4 Bb6 12. b5 Ne5 13. Nxe5 Qxe5 14.
Nf3 Bxf3 15. Bxf3 Rc8 16. a4 Qxc3 17. Bg2 Ba5 18. h4 O-O 19. Kh2 Qc2 20. Qd4
Rc4 21. Qxa7 b6 22. Qe7 Rfc8 23. e3 R4c7 24. Qd6 Qc5 25. Qe5 Bc3 26. Qf4
Bxa1 27. Rxa1 Qc3 28. Rg1 Qf6 29. Qd6 Rc2 30. f4 Rf2 31. Qxb6 Rcc2 32. Qb8+
Kh7 33. Qe5 Qxe5 34. fxe5 Kg6 35. Kh1 f5 36. b6 Rb2 37. a5 Rfc2 38. Ra1 Rc8
{White forfeits on time}
0-1

[Event "ICC Open 2015"]
[Site "Internet Chess Club"]
[Date "2015.05.30"]
[Round "9"]
[White "Schurick"]
[Black "ural"]
[Result "1-0"]
[ICCResult "Black forfeits on time"]
[WhiteElo "2392"]
[BlackElo "2365"]
[Opening "Réti: King's Indian attack (Barcza system)"]
[ECO "A07"]
[NIC "QP.09"]
[Time "15:50:12"]
[TimeControl "180+0"]

1. Nf3 d5 2. g3 Nc6 3. d4 Bg4 4. Bg2 Qd7 5. h3 Bxf3 6. Bxf3 f5 7. c3 Nf6 8.
Bf4 O-O-O 9. Qa4 h6 10. h4 Kb8 11. h5 e6 12. Nd2 Bd6 13. Nb3 Ne4 14. Bxe4
fxe4 15. e3 Ne5 16. Qxd7 Nd3+ 17. Ke2 Rxd7 18. Rab1 e5 19. dxe5 Bxe5 20. Nc1
Bxf4 21. gxf4 Nc5 22. b4 Na4 23. Kd2 Rf8 24. Ne2 Nb6 25. Rbg1 Nc4+ 26. Kc2
Rf6 27. Rh4 Ra6 28. Nc1 Rf6 29. Rhg4 Rff7 30. Nb3 b6 31. b5 Kb7 32. Nd4 Nd6
33. a4 Nf5 34. Nc6 Rd6 35. Rg6 Rff6 36. Rxg7 Nxg7 37. Rxg7 Rxc6 38. bxc6+
Rxc6 39. Rd7 Rc5 40. Rh7 Rc6 41. Rd7 Rc5 42. f5 Kc8 43. Rg7 d4 44. f6 Rf5
45. f7 d3+ 46. Kd1 Kb7 47. Ke1 Ka6 48. f8=Q Rxf8 49. Re7 Rf5 50. Rxe4 Rxh5
51. Kd2 Rf5 52. f4 Rd5 53. Re6 h5 54. e4 Ra5 55. Rh6 Rxa4 56. Kxd3 Ra1 57.
f5 Rd1+ 58. Ke2 Rh1 59. f6 Rh4 60. Kf3 Rh1 61. e5 Rf1+ 62. Ke4 Kb5 63. Rxh5
c5 64. Rf5 Re1+ 65. Kd5 Rd1+ 66. Ke6 Rd8 67. f7 Rf8 68. Ke7 Ra8 69. f8=Q
Rxf8 70. Rxf8 Kc4 71. Ra8 Kxc3 72. Rxa7 b5 73. Rb7 b4 74. Kd6 c4 75. e6 b3
76. e7 Kc2 77. e8=Q c3 78. Qe2+ Kc1 79. Qe1+ Kc2 80. Qe2+
{Black forfeits on time}
1-0